AoeStats
← Death_Rider

Pilgrims

509280851Analyzed
3v3 RM · 8d ago on Sep 26, 2026· 28m 48s· 6 players
Game mode
Random Map
Map size
Normal (6 player)
Population
200
Speed
Normal
Resources
Standard
Victory
Conquest
Starting age
Dark Age
Ending age
Imperial Age
RankedLock teamsTeams togetherTeam positionsShared explorationLock speedFull tech treeHidden civsTurbo modeCheats
Victory
Defeat
🇨🇦 Saracens · Canada
976
+15
🇨🇦 Khmer · Canada
975
+15
🇨🇦 Britons · Canada
943
+16
🇨🇳 Teutons · China
1022
-19
🇩🇪 Byzantines · Germany
922
-14
🇺🇸 Huns · United States
900
-13
Frost8
9:38 Feudal Age
10:31 Loom
16:31 Castle Age
14:32 Fishing Lines
15:48 Double-Bit Axe
18:07 Gillnets
23:19 Bow Saw
26:54 Imperial Age
26:51 Forging
27:56 Fletching
RadiantRobyn
4:57 Loom
9:48 Feudal Age
11:47 Fishing Lines
13:20 Horse Collar
13:44 Gold Mining
13:45 Stone Mining
13:51 Double-Bit Axe
18:05 Castle Age
19:11 Wheelbarrow
18:22 Town Watch
19:29 Gillnets
23:27 Hand Cart
26:06 Town Patrol
Nikahn
3:23 Loom
13:14 Feudal Age
23:42 Castle Age
21:48 Padded Archer Armor
23:34 Wheelbarrow
22:46 Double-Bit Axe
22:42 Horse Collar
22:55 Gold Mining
22:55 Stone Mining
31:15 Imperial Age
fatfatfattie
13:27 Feudal Age
20:49 Castle Age
19:02 Double-Bit Axe
19:20 Horse Collar
21:53 Scale Barding Armor
21:59 Forging
22:15 Heavy Plow
22:57 Bow Saw
25:49 Chain Barding Armor
Death_Rider
12:44 Feudal Age
panda
5:37 Loom
11:54 Feudal Age
Connection lost

Rejoining the realm…

Still unreachable

The connection could not be restored.

Session expired

The server has moved on; the page needs a fresh start.